 Dungeon Crawl Stone Soup version 0.32-a0-361-g289a535e89 (webtiles) character file.

Game seed: 7555997896586734228

53 PriceMaster the Apothecary (level 3, -4/16 HPs)
             Began as a Spriggan Alchemist on Feb 19, 2024.
             Frozen to death by an endoplasm (5 damage)
             ... on level 1 of the Dungeon.
             The game lasted 00:01:48 (846 turns).

PriceMaster the Apothecary (Spriggan Alchemist)      Turns: 846, Time: 00:01:49

Health: -4/16      AC:  2    Str:  4    XL:     3   Next: 62%
Magic:  0/9        EV: 17    Int: 18    God:
Gold:   18         SH:  0    Dex: 15    Spells: 4/9 levels left

rFire   . . .        c - staff of death
rCold   . . .        (shield currently unavailable)
rNeg    + . .        a - +0 robe
rPois   +            (helmet restricted)
rElec   .            (no cloak)
rCorr   .            (gloves unavailable)
SInv    +            (boots unavailable)
Will    .....        (no amulet)
Stlth   ++           (no ring)
HPRegen 0.22/turn    (no ring)
MPRegen 0.11/turn

%: no passive effects
@: very slightly contaminated, very quick
A: very small, no large weapons, unfitting armour, see invisible, speed 3,
poison resistance, teleportitis 1, evolution 1
a: no special abilities


You were on level 1 of the Dungeon.
You visited 1 branch of the dungeon, and saw 1 of its levels.

You collected 18 gold pieces.

Inventory:

Armour
 a - a +0 robe (worn)
Magical Staves
 c - a staff of death (weapon)
Scrolls
 d - a scroll of enchant armour {unknown}
 e - a scroll of silence {unknown}
 f - 2 scrolls of identify {unknown}
Potions
 b - a potion of magic
 h - a potion of lignification {unknown}


   Skills:
 + Level 2.8 Dodging
 + Level 3.1 Stealth
 + Level 3.8 Spellcasting
 + Level 0.9 Conjurations
 + Level 4.1 Alchemy


You had 4 spell levels left.
You knew the following spells:

 Your Spells              Type           Power      Damage    Failure   Level
a - Sting                 Conj/Alch      48%        1d6       5%          1
b - Sublimation of Blood  Necr           5%         N/A       22%         2
c - Mercury Vapours       Alch/Air       22%        N/A       10%         2

Your spell library contained the following spells:

 Spells                   Type           Power      Damage    Failure   Level
 Momentum Strike          Conj/Tloc      10%        3d8       19%         2
 Blink                    Tloc           6%         N/A       22%         2
 Call Imp                 Summ           6%         N/A       22%         2
 Lesser Beckoning         Tloc           6%         N/A       22%         2
 Mephitic Cloud           Conj/Alch/Air  9%         N/A       22%         3
 Olgreb's Toxic Radiance  Alch           18%        N/A       26%         4
 Sticky Flame             Fire/Alch      11%        2d5       54%         4
 Summon Hydra             Summ           1%         N/A       100%        7


Dungeon Overview and Level Annotations

Branches:
Dungeon (1/15)

Altars:


Innate Abilities, Weirdness & Mutations

You are very small and have problems with some larger weapons.
You are too small for most types of armour.
You have supernaturally acute eyesight. (SInv)
You cover ground extremely quickly. (Speed+++)
Your system is resistant to poisons. (rPois)
You are occasionally teleported next to monsters.
You have hidden genetic potential.


Message History

You completely miss the gnoll.
The gnoll is heavily wounded.
The gnoll hits you with a +0 vampiric whip.
You hit the gnoll but do no damage.
The gnoll is severely wounded.
The gnoll completely misses you.
You barely miss the gnoll.
The gnoll is severely wounded.
The gnoll looks more healthy.
The gnoll hits you with a +0 vampiric whip.
The gnoll draws strength from your wounds!
You hit the gnoll.
The gnoll is severely wounded.
The gnoll hits you with a +0 vampiric whip.
The gnoll completely misses you.
You hit the gnoll.
The gnoll is almost dead.
The gnoll hits you with a +0 vampiric whip.
* * * LOW HITPOINT WARNING * * *
You are too injured to fight recklessly!
Casting: Mercury Vapours (safe; 10% risk of failure)
Confirm with . or Enter, or press ? or * to list all spells.
Aiming: Sting (safe; 5% risk of failure)
Press: ? - help, Shift-Dir - straight line, f/p - gnoll
Aim: a gnoll, wielding a +0 vampiric whip (almost dead, 75% to hit)
The sting hits the gnoll.
The gnoll is poisoned.
The gnoll is almost dead.
You kill the gnoll!
Unknown command.
Okay, then.
Casting: Sting (safe; 5% risk of failure)
Confirm with . or Enter, or press ? or * to list all spells.
You don't have enough magic to cast this spell.
Unknown command.
It was a potion of mutation.
You feel extremely strange.
You feel weirdly uncertain.
You feel resistant to poisons.
You feel a hidden potential growing inside you.
The endoplasm freezes you.
You are frozen.
You die...

..#.....#..#.#
....#.....##.#
........####.# ##
#.......# #.# ..
#.#####.# #|# .# #.#
##.## #.# .#
###.####.#.###.# .#
........###.##.##.######
.##.####.#.###..@..>...#
.##.# ##(## ####J####.#
.##.# ### .# .##(# .#
....# .# .#### .# .# ..
.# ## .#


You could see an endoplasm.

Vanquished Creatures
  A gnoll (D:1)
  3 dart slugs (D:1)
  A ball python (D:1)
  An endoplasm (D:1)
  2 giant cockroaches (D:1)
  3 goblins (D:1)
  3 hobgoblins (D:1)
  2 quokkas (D:1)
  A bat (D:1)
  A kobold (D:1)
  4 rats (D:1)
22 creatures vanquished.

Notes
Turn   | Place    | Note
-------+----------+-------------------------------------------
     0 | D:1      | PriceMaster the Spriggan Alchemist began the quest for the
                  | Orb.
     0 | D:1      | Reached XP level 1. HP: 9/9 MP: 5/5
   118 | D:1      | Reached XP level 2. HP: 11/13 MP: 0/7
   208 | D:1      | Learned a level 2 spell: Sublimation of Blood
   342 | D:1      | Reached skill level 4 in Alchemy
   345 | D:1      | Learned a level 2 spell: Mercury Vapours
   572 | D:1      | Reached XP level 3. HP: 16/16 MP: 5/8
   846 | D:1      | Gained mutation: You are occasionally teleported next to
                  | monsters. [potion of mutation]
   846 | D:1      | Gained mutation: Your system is resistant to poisons.
                  | (rPois) [potion of mutation]
   846 | D:1      | Gained mutation: You have hidden genetic potential. [potion
                  | of mutation]
   846 | D:1      | Frozen to death by an endoplasm

Illustrated notes

Levels and vault maps discovered:
D:1:      lemuel_arrival_lava_pool, layout_loops_ring,
          nicolae_concentric_dashed_squares_mild, minmay_strange_pillars

Skill      XL: |  1  2 |
---------------+-------+-----
Spellcasting   | 3 |  3.8
Alchemy        | 4 |  4.1
Dodging        | |  2.8
Stealth        | |  3.1
Conjurations   | |  0.9

Action                     || total
---------------------------++-------
  Melee: Staff             ||    12
   Cast: Sting             ||    36
         Sublimation of Bl ||     1
         Mercury Vapours   ||     1
    Use: Potion            ||     1
 Armour: Robe              ||     9
  Dodge: Dodged            ||    13

Table legend: (Time is in decaauts)
 A = Elapsed time spent in this place.
 B = Non-inter-level travel time spent in this place.
 C = Inter-level travel time spent in this place.
 D = Time resting spent in this place.
 E = Time spent auto-exploring this place.
 F = Levels seen in this place.
 G = Mean time per level.
                   A        B        C        D        E       F      G
               +--------+--------+--------+--------+--------+-----+--------+
         Total |    667 |    667 |      0 |     20 |    535 |   1 |  667.0 |
       Dungeon |    667 |    667 |      0 |     20 |    535 |   1 |  667.0 |
               +--------+--------+--------+--------+--------+-----+--------+

Top non-repeatable levels by time:
     D:1: 667 daAuts
